 Dungeon Crawl Stone Soup version bcrawl-1.28.5 (webtiles) character file.

Game seed: 16897824937002236556

152389 Anonimiaus the Sneak (level 6, -7/47 HPs)
             Began as a Vampire Rogue on Feb 4, 2021.
             Killed by divine providence
             ... invoked by an orc priest
              (9 damage)
             ... on level 4 of the Dungeon.
             The game lasted 00:12:36 (4509 turns).

Anonimiaus the Sneak (Vampire Rogue)                Turns: 4509, Time: 00:12:36

Health: -7/47      AC:  6    Str: 14    XL:     6   Next: 69%
Magic:  0/8        EV: 13    Int: 12    God:
Gold:   107        SH:  0    Dex: 16    Spells: 5/5 levels left

rFire    . . .     SeeInvis +   a - +2 dagger
rCold    + . .     Gourm    .   (no shield)
rNeg     + + .     Faith    .   D - +2 robe {MR+}
rPois    ∞         Spirit   +   (no helmet)
rElec    .         Reflect  .   d - +0 cloak
rCorr    .         Harm     .   m - +0 pair of gloves
MR       +....                  (no boots)
Stlth    ++++++....             z - amulet of guardian spirit
HPRegen  0.07/turn              j - ring of flight
MPRegen  0.11/turn              (no ring)

@: about to teleport, bloodless, regenerating slowly
A: claws 1, fangs 3, see invisible, unbreathing
a: Evoke Flight


You were on level 4 of the Dungeon.
You were bloodless.

You visited 1 branch of the dungeon, and saw 4 of its levels.

You collected 107 gold pieces.

Inventory:

Hand Weapons
 a - a +2 dagger (weapon)
 b - a +0 blowgun
Missiles
 e - 65 poisoned needles
 i - a throwing net {=f}
Armour
 d - a +0 cloak (worn)
 m - a +0 pair of gloves (worn)
 D - a +2 robe of magic resistance (worn)
Jewellery
 j - a ring of flight (left hand)
 z - an amulet of guardian spirit (around neck)
 B - an uncursed ring of poison resistance
Wands
 f - a wand of flame (15)
 g - a wand of enslavement (15)
Scrolls
 c - a scroll of amnesia
 h - 2 scrolls of teleportation
 o - a scroll of remove curse
 x - a scroll of fog
 y - a scroll of identify
Potions
 k - 2 potions of haste
 l - 3 potions of flight
 n - a potion of lignification
 p - 2 potions of invisibility
 q - 18 potions of blood
 r - 2 potions of cancellation {unknown}
 s - a potion of ambrosia {unknown}
 t - a potion of heal wounds {unknown}
 u - a potion of magic {unknown}
 A - a potion of curing {unknown}


   Skills:
 + Level 3.2 Fighting
 + Level 4.1 Short Blades
 + Level 2.0 Armour
 + Level 2.9 Dodging
 + Level 7.8 Stealth
 + Level 3.4 Evocations


You had 5 spell levels left.
You didn't know any spells.
Your spell library was empty.

Dungeon Overview and Level Annotations

Branches:
Dungeon (4/12)
 Temple: D:4-7

Altars:
Ashenzari
Fedhas
Vehumet

Annotations:
D:3 2 transporters, dcsswall's ghost, amateur NaAc


Innate Abilities, Weirdness & Mutations

You heal slowly.
You are immune to poison.
You have sharp fingernails.
You have razor-sharp teeth.
You have supernaturally acute eyesight. (SInv)
You can survive without breathing.


Message History

The orc hits you with a +0 short sword.
You hit the orc but do no damage.
The orc is severely wounded.
The orc barely misses you. The orc hits you but does no damage.
You completely miss the orc.
The orc is severely wounded.
The orc priest mumbles some strange prayers to Beogh against you.
Beogh smites you! The orc hits you with a +0 short sword.
The orc barely misses you.
The orc priest mumbles some strange prayers to Beogh against you.
Beogh smites you!
* * * LOW HITPOINT WARNING * * *
The orc priest mumbles some strange prayers to Beogh against you.
Beogh smites you!
* * * LOW HITPOINT WARNING * * *
As you read the scroll of teleportation, it crumbles to dust.
You feel strangely unstable.
The orc priest invokes the aid of Beogh against you.
Beogh smites you!
You die...

###### #......... .....
#......... #.....##### #......
.. ......... ##.....###.##
....... #.......##..##
#.#.#.## # #.......#
#..#######.#.#[.###.
#.......###.....).......#.....
#..........o@..........##...#
##....o#######.#.)......#...##
#.......# #..[.........#†o#
#.......# #..).$.)....###.#
#.......# #....÷......##>..
##o....## ##.............#.
##...## #..........#####.
#..### #..........## # #...###
#####...........## #


You could see an orc priest and an orc.

Vanquished Creatures
  Sigmund (D:4)
  An orc wizard (D:4)
  An orc priest (D:3)
  2 worker ants
  A hound skeleton (D:2)
  5 adders
  6 adder skeletons (D:2)
  2 worms
  3 dart slugs
  3 leopard geckos
  17 orcs
  5 bats
  2 giant cockroaches
  3 goblins (D:2)
  7 hobgoblins
  5 jackals
  3 quokkas
  A ball python skeleton (D:3)
  3 frilled lizards (D:1)
  A giant cockroach zombie (D:2)
  2 jackal skeletons (D:2)
  8 kobolds
  2 quokka zombies (D:2)
  3 rats
87 creatures vanquished.

Notes
Turn   | Place    | Note
-------+----------+-------------------------------------------
     0 | D:1      | Anonimiaus the Vampire Rogue began the quest for the Orb.
     0 | D:1      | Reached XP level 1. HP: 16/16 MP: 2/2
   154 | D:1      | Found a shattered altar of Ashenzari.
   326 | D:1      | Reached XP level 2. HP: 22/22 MP: 3/3
   872 | D:2      | Reached skill level 1 in Dodging
   909 | D:2      | Reached XP level 3. HP: 9/27 MP: 4/4
  1521 | D:2      | Reached XP level 4. HP: 33/33 MP: 5/5
  1608 | D:2      | Found a blossoming altar of Fedhas.
  1609 | D:2      | Found a radiant altar of Vehumet.
  1668 | D:2      | Reached skill level 1 in Armour
  1764 | D:2      | Reached skill level 7 in Stealth
  2346 | D:2      | Found a faded altar of an unknown god.
  2894 | D:3      | Reached XP level 5. HP: 34/39 MP: 7/7
  3418 | D:3      | Found a transporter.
  3831 | D:3      | Noticed dcsswall's ghost (amateur NaAc)
  3844 | D:3      | Found a transporter.
  4122 | D:4      | Noticed Sigmund
  4282 | D:4      | Reached XP level 6. HP: 46/46 MP: 8/8
  4381 | D:4      | Killed Sigmund
  4495 | D:4      | HP: 1/47 [orc priest/divine providence (6)]
  4509 | D:4      | Killed from afar by an orc priest

Skill      XL: |  1  2  3  4  5  6 |
---------------+-------------------+-----
Fighting       | 2 3 |  3.2
Dodging        | 1 2 |  2.9
Short Blades   | 3 4 |  4.1
Armour         | 1 2 |  2.0
Stealth        | 7 |  7.8
Evocations     | 3 |  3.4

Action                   |  1- 3 |  4- 6 || total
-------------------------+-------+-------++-------
Melee: Dagger            |   117 |   283 ||   400
       Bite              |     8 |    24 ||    32
 Fire: Blowgun           |     8 |     7 ||    15
  Use: Potion            |     4 |     6 ||    10
       Scroll            |       |    10 ||    10
 Stab: Sleeping          |     7 |    11 ||    18
       Distracted        |       |     3 ||     3
Armor: Robe              |    23 |    86 ||   109
Dodge: Dodged            |    70 |   177 ||   247
